AoeStats
← EL GATO TECHERO

Black Forest

509539222Analyzed
4v4 RM · 6d ago on Sep 27, 2026· 48m 18s· 8 players
Game mode
Random Map
Map size
Large (8 player)
Population
200
Speed
Normal
Resources
Standard
Victory
Conquest
Starting age
Dark Age
Ending age
Imperial Age
RankedLock teamsTeams togetherTeam positionsShared explorationLock speedFull tech treeHidden civsTurbo modeCheats
Victory
Defeat
🇺🇸 Celts · United States
909
+15
🇨🇳 Burgundians · China
886
+16
🇲🇽 Mongols · Mexico
851
+18
🇻🇳 Spanish · Vietnam
848
+18
🇵🇪 Tupi · Peru
995
-20
🇺🇸 Bohemians · United States
918
-18
🇵🇪 Magyars · Peru
849
-15
🇵🇪 Japanese · Peru
815
-14
ERIKXG20
0:33 Loom
12:47 Feudal Age
16:01 Double-Bit Axe
21:46 Castle Age
21:26 Stone Mining
22:22 Gold Mining
25:51 Wheelbarrow
28:18 Fortified Wall
29:48 Horse Collar
30:34 Fervor
34:25 Imperial Age
32:28 Heavy Plow
33:27 Bow Saw
35:13 Hand Cart
35:24 Ballistics
35:46 Gold Shaft Mining
36:09 Drill
35:23 Onager
35:36 Capped Ram
36:50 Fletching
37:00 Padded Archer Armor
37:36 Caravan
38:30 Stone Shaft Mining
38:19 Bloodlines
37:31 Light Cavalry
37:55 Elite Mangudai
38:34 Bodkin Arrow
38:55 Leather Archer Armor
40:09 Bracer
42:14 Chemistry
42:07 Siege Ram
43:41 Husbandry
45:53 Masonry
kaiju
3:35 Loom
11:27 Feudal Age
16:33 Castle Age
14:48 Double-Bit Axe
15:24 Horse Collar
18:12 Wheelbarrow
18:15 Bow Saw
18:35 Heavy Plow
22:51 Stone Mining
24:49 Hand Cart
24:36 Gold Mining
27:09 Stone Shaft Mining
27:10 Gold Shaft Mining
28:15 Pikeman
32:17 Imperial Age
29:34 Town Watch
30:04 Forging
29:55 Scale Mail Armor
30:32 Caravan
31:50 Iron Casting
32:02 Stronghold
33:04 Iron Casting
32:45 Chain Mail Armor
33:22 Conscription
33:45 Town Patrol
34:00 Onager
34:41 Elite Woad Raider
36:17 Siege Onager
39:09 Blast Furnace
38:17 Siege Engineers
38:19 Scale Barding Armor
38:46 Plate Mail Armor
40:37 Halberdier
42:10 Hoardings
41:58 Furor Celtica
中国人万岁
3:28 Loom
9:00 Double-Bit Axe
13:20 Feudal Age
12:08 Gold Mining
12:45 Horse Collar
14:13 Stone Mining
14:24 Heavy Plow
14:37 Bow Saw
21:22 Castle Age
21:25 Forging
21:21 Scale Barding Armor
23:51 Two-Man Saw
23:24 Crop Rotation
25:36 Wheelbarrow
24:49 Town Watch
30:46 Imperial Age
28:52 Burgundian Vineyards
31:08 Iron Casting
31:54 Chain Barding Armor
32:13 Hand Cart
33:42 Blast Furnace
33:04 Conscription
32:33 Treadmill Crane
33:19 Ballistics
34:01 Chemistry
33:44 Plate Barding Armor
33:41 Town Patrol
33:50 Elite Coustillier
34:56 Masonry
36:26 Fletching
ScottVector
5:22 Loom
13:34 Feudal Age
14:00 Double-Bit Axe
13:56 Horse Collar
14:53 Wheelbarrow
14:11 Gold Mining
20:32 Castle Age
19:59 Stone Mining
21:49 Bow Saw
21:54 Heavy Plow
22:35 Stone Shaft Mining
26:03 Thumb Ring
27:26 Gambesons
27:01 Man-at-Arms
34:03 Ballistics
36:30 Imperial Age
36:37 Imperial Age
34:24 Hand Cart
38:20 Chemistry
38:36 Two-Man Saw
38:13 Ballistics
40:30 Conscription
41:47 Theocracy
42:26 Block Printing
43:38 Elite Skirmisher
46:14 Bloodlines
46:08 Husbandry
46:21 Inquisition
45:52 Elite Conquistador
46:55 Caravan
krook
1:03 Loom
12:40 Feudal Age
14:09 Horse Collar
14:16 Double-Bit Axe
21:13 Castle Age
22:20 Heavy Plow
22:53 Bow Saw
29:35 Wheelbarrow
28:46 Town Watch
28:55 Fletching
33:34 Imperial Age
32:27 Chemistry
33:37 Hand Cart
33:26 Town Patrol
34:01 Fortified Wall
34:32 Houfnice
34:36 Pikeman
35:21 Squires
37:04 Two-Man Saw
37:09 Siege Engineers
38:06 Wagenburg Tactics
38:21 Conscription
37:26 Halberdier
37:51 Arson
39:04 Scale Mail Armor
39:14 Forging
38:59 Bodkin Arrow
40:09 Elite Hussite Wagon
GoEchi
0:36 Loom
11:19 Feudal Age
17:43 Castle Age
15:42 Double-Bit Axe
16:36 Horse Collar
18:43 Bow Saw
24:14 Scale Mail Armor
23:48 Champi Runner
26:21 Heavy Plow
26:54 Champi Warrior
30:19 Forging
30:15 Gold Mining
30:17 Stone Mining
31:44 Squires
31:30 Arson
32:45 Gold Shaft Mining
36:04 Imperial Age
34:12 Wheelbarrow
35:53 Pikeman
37:00 Hand Cart
36:33 Town Watch
37:11 Caciques
38:43 Two-Man Saw
37:45 Elite Champi Warrior
39:03 Iron Casting
38:45 Chain Mail Armor
41:14 Plate Mail Armor
42:22 Onager
44:44 Padded Archer Armor
44:34 Fletching
EL GATO TECHERO
3:34 Loom
12:20 Feudal Age
McLovin
1:41 Loom
10:33 Feudal Age
11:10 Double-Bit Axe
14:13 Gold Mining
17:23 Castle Age
21:09 Horse Collar
26:20 Wheelbarrow
25:59 Bow Saw
28:02 Gold Shaft Mining
28:39 Stone Mining
28:53 Heavy Plow
34:59 Imperial Age
35:41 Hand Cart
35:20 Fletching
35:33 Scale Mail Armor
35:44 Forging
36:01 Ballistics
35:58 Fortified Wall
36:12 Pikeman
36:38 Gambesons
36:13 Man-at-Arms
36:26 Elite Samurai
37:08 Yasama
37:28 Kataparuto
37:45 Murder Holes
37:31 Treadmill Crane
38:53 Chemistry
38:10 Caravan
39:22 Two-Man Saw
39:15 Capped Ram
39:20 Long Swordsman
40:19 Light Cavalry
41:09 Bloodlines
42:19 Heavy Scorpion
43:02 Halberdier
45:27 Bodkin Arrow
46:57 Bracer
47:33 Iron Casting
47:07 Scale Barding Armor
Connection lost

Rejoining the realm…

Still unreachable

The connection could not be restored.

Session expired

The server has moved on; the page needs a fresh start.